 Dungeon Crawl Stone Soup version 0.16-a0-3940-gf8a207b (webtiles) character file.

4808 timbw the Cruncher (level 10, -2/69 HPs)
             Began as a High Elf Gladiator on Feb 7, 2015.
             Was a Follower of Ashenzari.
             Killed by Ozocubu's Refrigeration
             ... invoked by Fannar
              (27 damage)
             ... on level 11 of the Dungeon.
             The game lasted 00:29:24 (5438 turns).

timbw the Cruncher (High Elf Gladiator)             Turns: 5438, Time: 00:29:25

Health: -2/69      AC: 11    Str: 19    XL:     10   Next: 24%
Magic:  22/22      EV: 18    Int: 11    God:    Ashenzari [*.....]
Gold:   581        SH:  0    Dex: 19    Spells: 0 memorised, 9 levels left

rFire  . . .     SeeInvis +     a - +1 quarterstaff (curse)
rCold  . . .     Clarity  .     t - +3 leather armour "Tafomaob" {+Inv rN+ MR+ Int-2 SInv}
rNeg   + . .     SustAb   .     (no shield)
rPois  +         Gourm    .     m - +0 helmet (curse)
rElec  .         Spirit   .     w - +2 cloak (curse)
rCorr  .         Warding  .     i - +0 pair of gloves (curse)
rMut   .         Stasis   .     (no boots)
MR     ++...                    (no amulet)
Stlth  +.........               (no ring)
                                O - ring of poison resistance (curse)

@: mighty, very slightly contaminated, very resistant to hostile enchantments,
very unstealthy
A: no striking features
a: Renounce Religion, Evoke Invisibility


You were on level 11 of the Dungeon.
You worshipped Ashenzari.
Ashenzari was aware of your devotion.
You were not hungry.

You visited 3 branches of the dungeon, and saw 14 of its levels.

You collected 581 gold pieces.

Inventory:

Hand weapons
 a - a cursed +1 quarterstaff (weapon)
 o - a +0 blowgun
Missiles
 d - a throwing net (quivered)
 h - 20 poisoned needles
Armour
 b - a +0 leather armour
 c - a +0 helmet
 i - a cursed +0 pair of gloves (worn)
 m - a cursed +0 helmet (worn)
 t - the +3 leather armour "Tafomaob" (worn) {+Inv rN+ MR+ Int-2 SInv}
   (You found it on level 4 of the Dungeon)

   It affects your intelligence (-2).
   It protects you from negative energy.
   It affects your resistance to hostile enchantments.
   It enhances your eyesight.
   It lets you turn invisible.
 w - a cursed +2 cloak (worn)
 I - the +0 chain mail of the Wild Haggis {MP-9 Int+4 Slay+2 SInv}
   (You found it on level 7 of the Dungeon)

   It affects your intelligence (+4).
   It affects your accuracy and damage with ranged weapons and melee attacks
   (+2).
   It affects your magic capacity (-9).
   It enhances your eyesight.
Jewellery
 O - a cursed ring of poison resistance (left hand)
Magical devices
 k - a wand of slowing (21)
 p - a wand of teleportation (4)
 D - a wand of confusion (8)
 G - a wand of paralysis (17)
 M - a wand of draining (0)
 P - a wand of digging (10)
Scrolls
 l - a scroll of fog {unknown}
 s - a scroll of curse armour
 x - 2 scrolls of curse jewellery
 y - a scroll of magic mapping
 A - a scroll of random uselessness {unknown}
 B - a scroll of recharging {unknown}
 F - a scroll of noise
 H - a scroll of enchant weapon
 J - a scroll of teleportation
 K - 2 scrolls of curse weapon
 L - 2 scrolls of remove curse
 N - a scroll of blinking {unknown}
 Q - a scroll of vulnerability {unknown}
Potions
 e - 3 potions of curing
 g - a potion of heal wounds
 n - a potion of poison
 q - 2 potions of cure mutation
 r - a potion of haste {unknown}
 u - a potion of agility
 v - a potion of brilliance {unknown}
 C - a potion of restore abilities
Comestibles
 f - 3 bread rations
 j - 2 meat rations
 z - a royal jelly


   Skills:
 + Level 6.9 Fighting
 * Level 11.2 Staves
 - Level 2.1 Throwing
 + Level 7.7 Dodging
 + Level 5.4 Evocations


You had 9 spell levels left.
You didn't know any spells.

Dungeon Overview and Level Annotations

Branches:
Dungeon (11/15)            Temple (1/1) D:7             Orc (2/4) D:10
   Lair: D:8-11

Altars:
Ashenzari
Cheibriados
Elyvilon
Fedhas
Makhleb
Okawaru
Qazlal
Ru
Sif Muna
Vehumet
Yredelemnul
Zin

Shops:
D:5 (   D:6 :   D:10 (

Annotations:
D:5 Prince Ribbit
D:7 1 runed door
D:11 Fannar


Message History

Unknown command.
Drink which item? (? for menu, Esc to quit)
You feel much better.
Fannar casts a spell.
Fannar drains the heat from the surrounding environment!
You feel very cold.
Fannar is frozen.
Fannar resists.
The ice beast hits you. The ice beast freezes you!
* * * LOW HITPOINT WARNING * * *
Fannar blocks your attack.
Fannar is severely wounded.
Fannar mumbles some strange words.
Fannar blinks!
Unknown command.
Drink which item? (? for menu, Esc to quit)
You feel better.
The ice beast hits you but does no damage.
Fannar gestures wildly while chanting.
Fannar drains the heat from the surrounding environment!
You feel very cold.
You die...

##### #.#(.###
#.#..#
#.#(.#######
#.#(.........
#.##.#######
####.##(#
.....##)#########
#...eY.........
#.###@#########
#ยง# #.# ### #.#
#.. ..# #.# ###
#.# #.# #<#


You could see Fannar and an ice beast.

Vanquished Creatures
  2 trolls
  2 two-headed ogres (D:9)
  6 yaks (D:10)
  A deep elf mage (D:9)
  2 hippogriffs
  A trapdoor spider (D:9)
  2 water moccasins
  A sky beast (D:7)
  2 orc warriors
  A black bear (D:6)
  2 ice beasts
  2 ogres (D:4)
  3 centaurs
  2 big kobolds
  6 giant frogs
  3 scorpions (D:9)
  A crimson imp (D:10)
  A centaur zombie (D:7)
  5 orc priests
  3 hounds
  A giant frog skeleton (D:6)
  5 orc wizards (Orc:1)
  4 worker ants
  3 iguanas
  Ijyb (D:5)
  4 adders
  4 gnolls (D:3)
  A giant mite (D:4)
  A shadow imp (D:7)
  A worm (D:5)
  An adder skeleton (D:9)
  3 giant geckos
  34 orcs
  4 giant cockroaches
  5 goblins
  7 hobgoblins
  13 kobolds
  2 quokkas
  8 bats
  A giant gecko zombie (D:6)
  5 giant newts
  9 jackals
  A quokka skeleton (D:5)
  10 rats
176 creatures vanquished.

Vanquished Creatures (others)
  A quokka (D:9)
1 creature vanquished.

Grand Total: 177 creatures vanquished

Notes
Turn   | Place    | Note
--------------------------------------------------------------
     0 | D:1      | timbw, the High Elf Gladiator, began the quest for the Orb.
     0 | D:1      | Reached XP level 1. HP: 14/14 MP: 2/2
     4 | D:1      | Noticed a centaur
     4 | D:1      | Noticed a vine stalker
     6 | D:1      | Noticed a vampire
     6 | D:1      | Noticed a formicid
     8 | D:1      | Noticed an octopode
    10 | D:1      | Noticed a dwarf
    10 | D:1      | Noticed a tengu
    12 | D:1      | Noticed a demonspawn
    12 | D:1      | Noticed a draconian
    14 | D:1      | Noticed a minotaur
    16 | D:1      | Noticed a merfolk
    16 | D:1      | Noticed a spriggan
    18 | D:1      | Noticed a felid
    20 | D:1      | Noticed a human
    20 | D:1      | Noticed a naga
    22 | D:1      | Noticed a troll
    22 | D:1      | Noticed an elf
    24 | D:1      | Noticed a demigod
    24 | D:1      | Noticed a gargoyle
    26 | D:1      | Noticed a ghoul
    26 | D:1      | Noticed an ogre
   185 | D:2      | Reached XP level 2. HP: 14/19 MP: 3/3
   267 | D:3      | Found a radiant altar of Vehumet.
   331 | D:3      | Reached skill level 4 in Staves
   418 | D:3      | Reached XP level 3. HP: 7/24 MP: 5/5
   607 | D:3      | Reached skill level 5 in Staves
   607 | D:3      | Reached XP level 4. HP: 29/29 MP: 7/7
   665 | D:4      | Noticed an ogre
   677 | D:4      | Killed an ogre
   677 | D:4      | Reached skill level 6 in Staves
   677 | D:4      | Reached XP level 5. HP: 25/34 MP: 8/8
   819 | D:4      | Got a dazzling leather armour
   830 | D:4      | Identified the +3 leather armour "Tafomaob" {+Inv rN+ MR+ Int-2 SInv} (You found it on level 4 of the Dungeon)
   877 | D:4      | Noticed an ogre
   895 | D:4      | Killed an ogre
   895 | D:4      | Reached XP level 6. HP: 39/41 MP: 10/10
  1055 | D:5      | Entered Level 5 of the Dungeon
  1078 | D:5      | Found Lidun's Weapon Shoppe.
  1107 | D:5      | Noticed Ijyb
  1130 | D:5      | Killed Ijyb
  1282 | D:5      | Found a blossoming altar of Fedhas.
  1320 | D:5      | Noticed Prince Ribbit
  1323 | D:5      | Reached skill level 7 in Staves
  1448 | D:6      | Reached XP level 7. HP: 14/46 MP: 12/12
  1691 | D:6      | Found an iron altar of Okawaru.
  1912 | D:6      | Found Surekk Rioph's Book Shop.
  1970 | D:6      | Found a sacrificial altar of Ru.
  1985 | D:6      | Reached skill level 8 in Staves
  2136 | D:7      | Got a transparent chain mail
  2151 | D:7      | Identified the +0 chain mail of the Wild Haggis {MP-9 Int+4 Slay+2 SInv} (You found it on level 7 of the Dungeon)
  2202 | D:7      | Found a staircase to the Ecumenical Temple.
  2212 | D:7      | Reached skill level 5 in Dodging
  2227 | Temple   | Entered the Ecumenical Temple
  2242 | Temple   | Became a worshipper of Ashenzari the Shackled
  2300 | D:7      | Found a runed door.
  2311 | D:7      | Found a runed door.
  2388 | D:7      | Reached XP level 8. HP: 18/54 MP: 12/14
  2580 | D:7      | Reached skill level 1 in Evocations
  2661 | D:7      | Found a burning altar of Makhleb.
  2664 | D:7      | Noticed a cacodemon
  2672 | D:7      | Found a glowing silver altar of Zin.
  2672 | D:7      | Noticed an angel
  2894 | D:8      | Reached skill level 9 in Staves
  3041 | D:9      | Reached skill level 5 in Fighting
  3098 | D:9      | Noticed a troll
  3125 | D:9      | Noticed a two-headed ogre
  3125 | D:9      | Killed a troll
  3125 | D:9      | Reached XP level 9. HP: 34/61 MP: 15/18
  3138 | D:9      | Killed a two-headed ogre
  3370 | D:9      | Noticed a two-headed ogre
  3390 | D:9      | Killed a two-headed ogre
  3424 | D:9      | Reached skill level 10 in Staves
  3445 | D:9      | Found a white marble altar of Elyvilon.
  3633 | D:10     | Entered Level 10 of the Dungeon
  3718 | D:11     | Noticed Fannar
  3934 | D:10     | Found Dusutuan's Antique Weapon Shoppe.
  4164 | D:10     | Reached skill level 5 in Evocations
  4167 | D:10     | Reached XP level 10. HP: 27/69 MP: 22/22
  4420 | D:10     | Reached skill level 11 in Staves
  4530 | D:10     | Found a staircase to the Orcish Mines.
  4653 | Orc:1    | Entered Level 1 of the Orcish Mines
  5240 | Orc:1    | Found a radiant altar of Vehumet.
  5438 | D:11     | Killed from afar by Fannar

Action                   |  1- 3 |  4- 6 |  7- 9 | 10-12 || total
-------------------------+-------+-------+-------+-------++-------
Melee: Quarterstaff      |    59 |   158 |   371 |   222 ||   810
 Fire: Blowgun           |     4 |    10 |    14 |       ||    28
Throw: Throwing net      |     3 |     3 |       |       ||     6
 Abil: Evoke Invisibilit |       |       |     3 |     3 ||     6
Evoke: Wand              |       |       |     9 |       ||     9
  Use: Scroll            |       |       |    14 |     1 ||    15
       Potion            |       |       |     1 |     3 ||     4
 Stab: Held in net/web   |       |     1 |       |       ||     1
       Confused          |       |       |     3 |     2 ||     5
       Sleeping          |       |       |     1 |     2 ||     3
       Invisible         |       |       |    12 |    16 ||    28
       Paralysed         |       |       |     3 |       ||     3
  Eat: Chunk             |       |     2 |     7 |     2 ||    11
       Beef jerky        |       |       |     2 |       ||     2
       Meat ration       |       |       |       |     1 ||     1
